 Dungeon Crawl Stone Soup version 0.30-a0-250-g41c1d76940 (webtiles) character file.

Game seed: 13927961966381308089

98 koil the Sneak (level 4, -7/21 HPs)
             Began as a Spriggan Enchanter on Oct 13, 2022.
             Killed from afar by an orc wizard (12 damage)
             ... with a magic dart
             ... on level 3 of the Dungeon.
             The game lasted 00:04:40 (2515 turns).

koil the Sneak (Spriggan Enchanter)                 Turns: 2515, Time: 00:04:40

Health: -7/21      AC:  2    Str:  4    XL:     4   Next: 43%
Magic:  5/9        EV: 18    Int: 16    God:
Gold:   205        SH:  0    Dex: 17    Spells: 7/9 levels left

rFire   . . .      SeeInvis +    a - +1 dagger
rCold   . . .      Faith    .    (no shield)
rNeg    . . .      Spirit   .    b - +0 robe
rPois   .          Reflect  .    (helmet restricted)
rElec   .          Harm     .    (no cloak)
rCorr   .          Rampage  .    (gloves unavailable)
Will    .....                    (boots unavailable)
Stlth   +++.......               (no amulet)
HPRegen 0.23/turn                d - ring of wizardry
MPRegen 0.11/turn                (no ring)

@: very slightly contaminated, very quick
A: very small, no large weapons, unfitting armour, see invisible, speed 3
a: no special abilities


You were on level 3 of the Dungeon.
You visited 1 branch of the dungeon, and saw 3 of its levels.

You collected 205 gold pieces.

Inventory:

Hand Weapons
 a - a +1 dagger (weapon)
Armour
 b - a +0 robe (worn)
Jewellery
 d - a ring of wizardry (left hand)
Scrolls
 e - 3 scrolls of teleportation {unknown}
 h - a scroll of identify {unknown}
 i - a scroll of poison {unknown}
 m - a scroll of blinking {unknown}
Potions
 c - 2 potions of invisibility
 f - a potion of heal wounds {unknown}
 g - 4 potions of curing {unknown}
 j - a potion of ambrosia {unknown}
 k - a potion of might {unknown}
 l - a potion of mutation {unknown}


   Skills:
 + Level 0.8 Fighting
 * Level 2.7 Short Blades
 + Level 3.6 Dodging
 + Level 5.1 Stealth
 + Level 3.2 Spellcasting
 + Level 4.0 Hexes


You had 7 spell levels left.
You knew the following spells:

 Your Spells              Type           Power      Damage    Failure   Level
a - Ensorcelled Hibernat  Hex/Ice        18%        N/A       4%          2

Your spell library contained the following spells:

 Spells                   Type           Power      Damage    Failure   Level
 Confusing Touch          Hex            15%        N/A       4%          3
 Tukima's Dance           Hex            15%        N/A       4%          3
 Dazzling Flash           Conj/Hex       18%        N/A       10%         3
 Portal Projectile        Hex/Tloc       18%        N/A       10%         3
 Gell's Gravitas          Tloc           2%         N/A       22%         3
 Ignite Poison            Fire/Tmut/Pois 2%         N/A       22%         3
 Kindle Blastsparks       Fire/Tloc/Air  4%         2d10      22%         3
 Lesser Beckoning         Tloc           4%         N/A       22%         3
 Teleport Other           Tloc           2%         N/A       22%         3
 Blade Hands              Tmut           1%         N/A       87%         5
 Freezing Cloud           Conj/Ice/Air   1%         6-21      87%         5


Dungeon Overview and Level Annotations

Branches:
Dungeon (3/15)

Altars:
Trog
Vehumet

Shops:
D:1 *   D:3 :


Innate Abilities, Weirdness & Mutations

You are very small and have problems with some larger weapons.
You are too small for most types of armour.
You have supernaturally acute eyesight. (SInv)
You cover ground extremely quickly. (Speed+++)


Message History

You barely miss the orc. You hit the orc. Your punch misses the orc.
The orc is severely wounded.
The orc hits you with a +0 whip.
You hit the orc.
You kill the orc!
An orc wizard comes into view. It is wielding a +0 dagger.
An orc comes into view. It is wielding a +0 flail.
The orc wizard hits you with a +0 dagger.
Items here: ( )) [ ††.
The orc shouts!
You hit the orc wizard.
The orc wizard is lightly wounded.
The orc wizard hits you with a +0 dagger.
You are too injured to fight recklessly!
You are too injured to fight recklessly!
You are too injured to fight recklessly!
You are too injured to fight recklessly!
Casting: Ensorcelled Hibernation (safe; 4% risk of failure)
Confirm with . or Enter, or press ? or * to list all spells.
Aiming: Ensorcelled Hibernation (safe; 4% risk of failure)
Press: ? - help, Shift-Dir - straight line, f - orc wizard
Aim: an orc wizard, wielding a +0 dagger and wearing a +0 robe (lightly wounded, chance to affect: 43%)
The orc wizard resists with some effort.
The orc wizard hits you with a +0 dagger.
Casting: Ensorcelled Hibernation (safe; 4% risk of failure)
Confirm with . or Enter, or press ? or * to list all spells.
Aiming: Ensorcelled Hibernation (safe; 4% risk of failure)
Press: ? - help, Shift-Dir - straight line, f/p - orc wizard
Aim: an orc wizard, wielding a +0 dagger and wearing a +0 robe (lightly wounded, chance to affect: 43%)
You miscast Ensorcelled Hibernation.
You are very lightly contaminated with residual magic.
Nothing appears to happen.
The orc wizard points at you and mumbles some strange words.
The magic dart hits you.
* * * LOW HITPOINT WARNING * * *
The orc wizard points at you and mumbles some strange words.
The magic dart hits you!
Ouch! That really hurt!
You die...

###....##.... ##....#
#.....8.##.> ##.8...#
..##.....#####......#
..#.................#
....#......#<.÷#....#
.#..###.##.#.#.#....#
.#..# #......#....###
...## ####.#####.##
...# #.# #@# #### #.#
#.# #.# #)# #....oo.#
#########


You could see an orc wizard.

Vanquished Creatures
  3 adders
  A worm (D:3)
  2 dart slugs
  2 orcs (D:3)
  9 ball pythons
  4 bats
  6 endoplasms
  5 goblins
  5 hobgoblins
  7 jackals
  5 frilled lizards
  5 kobolds
  8 rats
62 creatures vanquished.

Notes
Turn   | Place    | Note
-------+----------+-------------------------------------------
     0 | D:1      | koil the Spriggan Enchanter began the quest for the Orb.
     0 | D:1      | Reached XP level 1. HP: 9/9 MP: 5/5
    36 | D:1      | Found Beukkaz's General Store.
   157 | D:1      | Reached XP level 2. HP: 10/13 MP: 6/6
   160 | D:1      | Learned a level 2 spell: Ensorcelled Hibernation
   829 | D:1      | Reached XP level 3. HP: 17/17 MP: 8/8
  2028 | D:2      | Reached XP level 4. HP: 21/21 MP: 9/9
  2351 | D:3      | Found Viso's Book Boutique.
  2360 | D:3      | Reached skill level 5 in Stealth
  2404 | D:3      | Found a radiant altar of Vehumet.
  2450 | D:3      | Found a faded altar of an unknown god.
  2470 | D:3      | Found a bloodstained altar of Trog.
  2515 | D:3      | Killed from afar by an orc wizard

Illustrated notes

Levels and vault maps discovered:
D:1:      minmay_arrival_three_doors, layout_basic, serial_shops, shop
D:2:      layout_basic
D:3:      layout_basic, fiery_altar_vehumet, nicolae_overflow_ecumenical_swirl,
          serial_shops, nicolae_shop_trees

Skill      XL: |  1  2  3  4 |
---------------+-------------+-----
Dodging        | 3 |  3.6
Spellcasting   | 3 |  3.2
Short Blades   | 2 |  2.7
Stealth        | 5 |  5.1
Hexes          | 4 |  4.0
Fighting       | |  0.8

Action                   |  1- 3 |  4- 6 || total
-------------------------+-------+-------++-------
Melee: Dagger            |   146 |    33 ||   179
       Punch             |     1 |       ||     1
 Cast: Ensorcelled Hiber |     7 |     4 ||    11
 Stab: Sleeping          |    18 |     4 ||    22
       Distracted        |       |     1 ||     1
Armor: Robe              |    17 |     1 ||    18
Dodge: Dodged            |    97 |    12 ||   109

Table legend: (Time is in decaauts)
 A = Elapsed time spent in this place.
 B = Non-inter-level travel time spent in this place.
 C = Inter-level travel time spent in this place.
 D = Time resting spent in this place.
 E = Time spent auto-exploring this place.
 F = Levels seen in this place.
 G = Mean time per level.
                   A        B        C        D        E       F      G
               +--------+--------+--------+--------+--------+-----+--------+
         Total |   1704 |   1661 |     43 |     85 |   1229 |   3 |  568.0 |
       Dungeon |   1704 |   1661 |     43 |     85 |   1229 |   3 |  568.0 |
               +--------+--------+--------+--------+--------+-----+--------+

Top non-repeatable levels by time:
     D:1: 852 daAuts
     D:2: 591 daAuts
     D:3: 261 daAuts
